 Dungeon Crawl Stone Soup version 0.29.1-15-g9cfb28693d (webtiles) character file.

Game seed: 16826698631582933039

457 boopmooplesden the Slasher (level 6, -1/53 HPs)
             Began as a Minotaur Fighter on Mar 12, 2023.
             Was an Initiate of the Shining One.
             Slain by a black bear (4 damage)
             ... on level 5 of the Dungeon.
             The game lasted 00:04:13 (3801 turns).

boopmooplesden the Slasher (Minotaur Fighter)       Turns: 3801, Time: 00:04:14

Health: -1/53      AC: 17    Str: 20    XL:     6   Next: 77%
Magic:  5/5        EV:  9    Int:  5    God:    the Shining One [......]
Gold:   263        SH:  6    Dex: 12    Spells: 5/5 levels left

rFire   . . .      SeeInvis .   n - +0 long sword (protect)
rCold   . . .      Faith    .   c - +1 buckler
rNeg    . . .      Spirit   .   b - +0 scale mail
rPois   .          Reflect  .   (helmet restricted)
rElec   .          Harm     .   x - +0 cloak
rCorr   .          Rampage  .   y - +0 pair of gloves
Will    .....                   (no boots)
Stlth   ..........              (no amulet)
HPRegen 0.17/turn               (no ring)
MPRegen 0.09/turn               (no ring)

@: under a protective aura, glowing
A: horns 2, retaliatory headbutt
a: Renounce Religion


You were on level 5 of the Dungeon.
You worshipped the Shining One.
The Shining One was noncommittal.
You visited 1 branch of the dungeon, and saw 5 of its levels.

You collected 263 gold pieces.

Inventory:

Hand Weapons
 a - a +1 long sword
 n - a +0 long sword of protection (weapon)
Armour
 b - a +0 scale mail (worn)
 c - a +1 buckler (worn)
 x - a +0 cloak (worn)
 y - a +0 pair of gloves (worn)
Jewellery
 l - a +6 ring of intelligence
 u - a ring of willpower
Wands
 s - a wand of roots (5)
Scrolls
 m - 4 scrolls of teleportation {unknown}
 q - a scroll of immolation {unknown}
 r - a scroll of poison {unknown}
 t - a scroll of identify {unknown}
 v - a scroll of amnesia {unknown}
 w - a scroll of butterflies {unknown}
Potions
 d - 2 potions of might
 e - 2 potions of degeneration {unknown}
 f - 2 potions of ambrosia {unknown}
 g - 2 potions of flight {unknown}
 h - a potion of magic {unknown}
 i - 2 potions of curing {unknown}
 j - 2 potions of invisibility {unknown}
 k - 2 potions of lignification {unknown}
 o - 2 potions of mutation {unknown}
 p - a potion of attraction {unknown}


   Skills:
 + Level 4.6 Fighting
 + Level 6.2 Long Blades
 + Level 5.5 Armour
 + Level 1.5 Dodging
 + Level 0.2 Stealth
 + Level 4.5 Shields


You had 5 spell levels left.
You didn't know any spells.
Your spell library was empty.

Dungeon Overview and Level Annotations

Branches:
Dungeon (5/15)
 Temple: D:4-7

Altars:
Elyvilon
Makhleb
Sif Muna
Xom
Zin
The Shining One


Innate Abilities, Weirdness & Mutations

You have a pair of horns on your head.
You reflexively headbutt those who attack you in melee.


Message History

The black bear claws you but does no damage. x2
You hit the black bear.
The black bear is severely wounded.
The black bear bites you!
The black bear claws you but does no damage. x2
You hit the black bear.
The black bear is almost dead.
The black bear goes berserk!
The black bear bites you but does no damage.
The black bear barely misses you.
The black bear claws you but does no damage.
You barely miss the black bear.
The black bear is severely wounded.
The black bear bites you.
The black bear claws you but does no damage. x2
You hit the black bear.
The black bear is almost dead.
The black bear closely misses you. You block the black bear's attack.
The black bear claws you. The black bear bites you.
The black bear claws you but does no damage.
The black bear barely misses you.
You barely miss the black bear. Your headbutt misses the black bear.
The black bear is almost dead.
The black bear bites you!
The black bear claws you but does no damage.
The black bear barely misses you. The black bear bites you.
* * * LOW HITPOINT WARNING * * *
You block the black bear's attack.
The black bear claws you but does no damage.
You hit the black bear.
The black bear is almost dead.
The black bear bites you but does no damage.
The black bear claws you but does no damage.
The black bear barely misses you.
You barely miss the black bear. Your headbutt misses the black bear.
The black bear is almost dead.
The black bear bites you!
* * * LOW HITPOINT WARNING * * *
You block the black bear's attack. x2; The black bear bites you.
You die...

......#.##
###.###.####..........
....# #....#.........
##########.#.........
#.......#..#........
#.#####....# ...#.#
#..........###....#####
##########...#.#......##
.. .............@h......
.# .##...#<..#.#......##
.# #.#.#####.#......# ..
# ..#......# # ##
####.....$# #......#
########


You could see a black bear (berserk).

Vanquished Creatures
  A black bear (D:4)
  An ogre (D:3)
  A howler monkey (D:4)
  Ijyb (D:3)
  Terence (D:2)
  Robin (D:2)
  4 gnolls (D:2)
  4 adders
  A worm (D:3)
  2 dart slugs
  5 orcs
  9 ball pythons
  6 endoplasms
  3 giant cockroaches
  11 goblins
  13 hobgoblins
  6 jackals
  5 quokkas
  5 bats
  3 frilled lizards
  8 kobolds
  4 rats
95 creatures vanquished.

Vanquished Creatures (others)
  A goblin (D:2)
1 creature vanquished.

Grand Total: 96 creatures vanquished

Notes
Turn   | Place    | Note
-------+----------+-------------------------------------------
     0 | D:1      | boopmooplesden the Minotaur Fighter began the quest for the
                  | Orb.
     0 | D:1      | Reached XP level 1. HP: 19/19 MP: 0/0
   102 | D:1      | Reached XP level 2. HP: 4/27 MP: 1/1
   444 | D:1      | Reached skill level 3 in Long Blades
   607 | D:1      | Reached XP level 3. HP: 31/33 MP: 2/2
   994 | D:2      | Noticed Robin
  1013 | D:2      | Killed Robin
  1309 | D:2      | Reached XP level 4. HP: 34/40 MP: 3/3
  1485 | D:2      | Noticed Terence
  1495 | D:2      | Killed Terence
  1496 | D:2      | Reached skill level 4 in Long Blades
  1715 | D:2      | Found a faded altar of an unknown god.
  1799 | D:2      | Reached XP level 5. HP: 30/46 MP: 4/4
  2328 | D:3      | Found a glowing golden altar of the Shining One.
  2334 | D:3      | Found a burning altar of Makhleb.
  2338 | D:3      | Found a glowing silver altar of Zin.
  2338 | D:3      | Found a shimmering altar of Xom.
  2345 | D:3      | Found a white marble altar of Elyvilon.
  2363 | D:3      | Became a worshipper of the Shining One
  2380 | D:3      | Noticed an ogre
  2386 | D:3      | Killed an ogre
  2387 | D:3      | Reached skill level 5 in Long Blades
  2387 | D:3      | Reached skill level 5 in Armour
  2387 | D:3      | Reached skill level 1 in Dodging
  2798 | D:3      | Reached XP level 6. HP: 53/53 MP: 5/5
  2868 | D:3      | Noticed Ijyb
  2881 | D:3      | Killed Ijyb
  3544 | D:4      | Reached skill level 6 in Long Blades
  3694 | D:5      | Entered Level 5 of the Dungeon
  3723 | D:5      | Found a shimmering blue altar of Sif Muna.
  3801 | D:5      | Slain by a black bear

Illustrated notes

Levels and vault maps discovered:
D:1:      scummos_arrival_simple_fountains, layout_rooms, st_stairs_13,
          hangedman_decor_clover_reticule
D:2:      layout_loops_corners, basic_ecumenical_altar, uniq_terence, uniq_robin
D:3:      layout_loops_ring, nicolae_overflow_hallway_of_the_gods, uniq_ijyb
D:4:      layout_cave_pools, palyth_stone_intersect
D:5:      layout_basic, mainiacjoe_overflow_concentric_impassable, serial_shops,
          shop

Skill      XL: |  1  2  3  4  5  6 |
---------------+-------------------+-----
Long Blades    | 3 4 5 6 |  6.2
Fighting       | 4 |  4.6
Shields        | 4 |  4.5
Armour         | 4 5 |  5.5
Dodging        | 1 |  1.5
Stealth        | |  0.2

Action                   |  1- 3 |  4- 6 || total
-------------------------+-------+-------++-------
Melee: Long sword        |   107 |   146 ||   253
       Headbutt          |     7 |    20 ||    27
  Use: Scroll            |     4 |       ||     4
       Potion            |       |     2 ||     2
Armor: Scale mail        |    50 |    84 ||   134
Dodge: Dodged            |    72 |    69 ||   141
Block: Buckler           |    35 |    40 ||    75
